cohdb
Replays
Latest Replays
All Replays
Popular Replays
Top Player Replays
Match Explorer
How It Works
Community
CoH3 Stats
Reddit
Sign in to upload your games and track your stats! →
Sign in with Steam
Match 47424706
Unlisted
Match 47424706
Overview
Messages
Build Orders
End
Kradschützen Motorcycle Team
Selects Italian Combined Arms Battlegroup
Selects Italian Combined Arms Battlegroup
Selects Bersaglieri Squad
Bersaglieri Squad
Bersaglieri Squad
Construct Light Support Kompanie
Panzerpioneer Squad
Fire Support Elements
Flakvierling Half-track
Pak 38 Mechanized Group
Vehicle Survival Package
Selects Semovente da 75/18 Assault Gun
Construct Panzerarmee Kommand
Flak 36 Anti-tank Gun Team
Selects Strafing Run
Strafing Run
Panzerpioneer Squad
Selects Pact of Steel
Walking Stuka Rocket Launcher
Selects Bersaglieri Bolster
Panzerjäger Squad
Walking Stuka Rocket Launcher
Armored Reserves
Panzerpioneer Squad
Flakvierling Half-track
Rapid Advance
Panzer IV Assault Group
Selects Breda Model 30 Light Machine Guns
Emergency Repair Kits
Tiger Heavy Tank
Advanced Optics
SS fishburger division
Ducksfly
Frenzy
7k this year for sure
ElakeFisk
Peaky Blinders
kc
Taka_nL
0
0
Comments
sign in to comment!
No comments posted yet!